 Dungeon Crawl Stone Soup version 0.23.1 (webtiles) character file.

Game seed: 7578368328833120492

44722 Borgoz the Covert (level 14, -6/111 HPs)
             Began as a Ghoul Enchanter on Mar 14, 2019.
             Was a Priest of Ashenzari.
             Mangled by a phantasmal warrior (24 damage)
             ... led by a death knight
             ... on level 11 of the Dungeon.
             The game lasted 00:43:05 (20976 turns).

Borgoz the Covert (Ghoul Enchanter)                Turns: 20976, Time: 00:43:05

Health: -6/111     AC: 14    Str: 13    XL:     14   Next: 29%
Magic:  20/20      EV: 19    Int: 10    God:    Ashenzari [***...]
Gold:   1159       SH:  0    Dex: 21    Spells: 17/23 levels left

rFire    + + +     SeeInvis +   a - +6 dagger (elec)
rCold    + . .     Gourm    .   (no shield)
rNeg     + + +     Faith    .   u - +1 leather armour {rF+}
rPois    ∞         Spirit   .   O - +0 helmet
rElec    .         Reflect  .   e - +0 cloak
rCorr    .         Harm     .   i - +2 pair of gloves
MR       +++..                  D - +1 pair of boots (curse)
Stlth    +++++.....             (no amulet)
HPRegen  0.00/turn              s - ring of Asoweada {Wiz rF++ MR++ Dex+2}
MPRegen  0.17/turn              C - +6 ring of dexterity (curse)

@: rotting
A: rotting body, claws 1, carnivore, cold resistance 1, negative energy
resistance 3, inhibited regeneration, torment resistance, unbreathing
a: Curse Item, Scrying, Renounce Religion


You were on level 11 of the Dungeon.
You worshipped Ashenzari.
Ashenzari was most pleased with you.
You were not hungry.

You visited 3 branches of the dungeon, and saw 18 of its levels.

You collected 1159 gold pieces.

Inventory:

Hand Weapons
 a - a +6 dagger of electrocution (weapon)
 b - a +0 blowgun
 w - a +2 short sword of venom
Missiles
 F - 8 javelins (quivered)
 L - 11 poisoned needles
Armour
 e - a +0 cloak (worn)
 i - a +2 pair of gloves (worn)
 u - a +1 leather armour of fire resistance (worn)
 D - a cursed +1 pair of boots (worn)
 O - a +0 helmet (worn)
Jewellery
 g - an uncursed ring of fire
 j - an uncursed ring of protection from magic
 l - an uncursed ring of resist corrosion
 m - an uncursed ring of magical power
 s - the ring of Asoweada (left hand) {Wiz rF++ MR++ Dex+2}
   (You found it on level 9 of the Dungeon)

   [ring of wizardry]

   It improves your spell success rate.
   It affects your dexterity (+2).
   It greatly protects you from fire.
   It affects your resistance to hostile enchantments.
 B - an uncursed ring of wizardry
 C - a cursed +6 ring of dexterity (right hand)
 G - an uncursed ring of protection from magic
 M - an uncursed ring of wizardry
Wands
 f - a wand of acid (2)
 v - a wand of iceblast (17)
 y - a wand of digging (4)
 A - a wand of disintegration (12)
 H - a wand of random effects (12)
 I - a wand of scattershot (5)
 J - a wand of paralysis (4)
Scrolls
 h - 2 scrolls of blinking
 k - a scroll of amnesia
 o - a scroll of identify
 q - 2 scrolls of enchant armour
 r - 2 scrolls of teleportation
 t - 9 scrolls of remove curse
 x - 2 scrolls of magic mapping
 E - 2 scrolls of fog
Potions
 c - 2 potions of cancellation
 n - a potion of flight
 p - 2 potions of brilliance
 N - a potion of curing
Comestibles
 d - 29 rations
 z - 3 chunks of flesh


   Skills:
 - Level 6.9 Fighting
 + Level 10.1 Short Blades
 + Level 10.1 Armour
 + Level 9.2 Dodging
 + Level 12.0 Stealth
 - Level 5.1 Spellcasting
 + Level 8.6 Hexes
 - Level 2.8 Ice Magic
 - Level 2.3 Evocations


You had 17 spell levels left.
You knew the following spells:

 Your Spells              Type           Power        Failure   Level  Hunger
a - Corona                Hex            ###....      1%          1    None
b - Ensorcelled Hibernat  Hex/Ice        ##....       1%          2    ##.....
c - Confuse               Hex            ###.....     1%          3    ###....

Your spell library contained the following spells:

 Spells                   Type           Power        Failure   Level  Hunger
 Slow                     Hex            ###.....     1%          2    ##.....
 Tukima's Dance           Hex            ###.....     1%          3    ###....
 Cause Fear               Hex            ###.......   3%          4    ####...
 Dazzling Spray           Conj/Hex       ##....       6%          3    ###....
 Inner Flame              Hex/Fire       ##......     6%          3    ###....
 Portal Projectile        Hex/Tloc       ##....       6%          3    ###....
 Spectral Weapon          Hex/Chrm       ##......     6%          3    ###....
 Animate Skeleton         Necr           N/A          11%         1    None
 Infusion                 Chrm           #...         11%         1    None
 Pain                     Necr           #...         11%         1    None
 Shroud of Golubria       Chrm/Tloc      #.........   16%         2    ##.....
 Song of Slaying          Chrm           #.......     16%         2    ##.....
 Sticks to Snakes         Tmut           #.......     16%         2    ##.....
 Leda's Liquefaction      Hex/Erth       ##........   17%         4    ####...
 Regeneration             Chrm/Necr      #.........   32%         3    ###....
 Vampiric Draining        Necr           #.........   32%         3    ###....
 Animate Dead             Necr           N/A          69%         4    ####...
 Irradiate                Conj/Tmut      #.........   95%         5    ######.
 Beastly Appendage        Tmut           Unusable     N/A         1    N/A
 Spider Form              Tmut/Pois      Unusable     N/A         3    N/A
 Ice Form                 Ice/Tmut       Unusable     N/A         4    N/A
 Blade Hands              Tmut           Unusable     N/A         5    N/A
 Hydra Form               Tmut           Unusable     N/A         6    N/A
 Statue Form              Tmut/Erth      Unusable     N/A         6    N/A
 Dragon Form              Tmut           Unusable     N/A         7    N/A

Dungeon Overview and Level Annotations

Branches:
Dungeon (11/15)            Temple (1/1) D:6            Lair (6/6) D:8
  Swamp (0/4) Lair:2        Snake (0/4) Lair:2        Slime (0/5) Lair:6
    Orc: D:9-12

Altars:
Ashenzari
Cheibriados
Dithmenos
Elyvilon
Fedhas
Gozag
Hepliaklqana
Kikubaaqudgha
Makhleb
Nemelex Xobeh
Okawaru
Qazlal
Ru
Sif Muna
Trog
Uskayaw
Vehumet
Wu Jian
Xom
Yredelemnul
Zin
The Shining One
Jiyva

Shops:
D:11 *


Innate Abilities, Weirdness & Mutations

Your body is rotting away.
You thrive on raw meat.
You are immune to poison.
You have sharp fingernails.
You are carnivorous and can eat meat at any time.
Your flesh is cold resistant. (rC+)
You are immune to negative energy. (rN+++)
You do not regenerate when monsters are visible.
You are immune to unholy pain and torment.
You can survive without breathing.


Message History

The acid corrodes the freezing wraith!
You destroy the freezing wraith!
Your damage is reflected back at you!
Okay, then.
The wraith completely misses you.
The phantasmal warrior barely misses you.
Things that are here:
a +0 glaive; a +0 chain mail; a human corpse You butcher the human corpse.
The wraith closely misses you. The phantasmal warrior hits you.
Items here: % ) [ ÷ a +0 glaive; a +0 chain mail; 4 chunks of flesh; a human skeleton Eat one of 4 chunks of flesh? (ye/n/q)
You eat one of the 4 chunks of flesh.
You feel more resilient.
This raw flesh tastes great!
The wraith hits you but does no damage. The phantasmal warrior hits you!!
* * * LOW HITPOINT WARNING * * *
z - 3 chunks of flesh The wraith misses you.
The phantasmal warrior hits you!!
You die...

... #......# #####.(... * ..
###......# #...... ,
....'......# #...... .
.###......### ####### ,..
{,,..#..>.(.[.# ..##
*#.#......#.## ######
,**#...*#.#......#..# #....#
#.#.##...#.#W###.#####.##.####
#..........#.@................
##.........#W####.##..........
*
#.......................######
,..'.........####....###...#,
,,, ###.........#
##.........#{{{{ #.........#
#.#.###...# ,, ,.......?...#
#.#..#..###* ##.#........
#.##...## *.....#######.* *,
#...# , ,


You could see a phantasmal warrior and a wraith.

Vanquished Creatures
  A dire elephant (Lair:6)
  Erolcha (D:11)
  An anaconda (Lair:6)
  5 hydras
  A catoblepas (Lair:4)
  3 two-headed ogres
  A death knight (D:11)
  Urug (Lair:2)
  A phantasmal warrior (D:11)
  3 ugly things (D:11)
  2 cyclopes (D:11)
  A manticore (D:11)
  6 elephants (Lair:6)
  6 black mambas
  7 spiny frogs
  2 rime drakes
  2 kobold demonologists (D:11)
  5 komodo dragons
  A freezing wraith (D:11)
  A troll (D:11)
  A polar bear (Lair:6)
  9 hippogriffs
  7 blink frogs
  11 dream sheep
  A spriggan (D:9)
  A wyvern (D:8)
  47 yaks
  2 basilisks
  A wraith (D:11)
  A hungry ghost (D:7)
  2 swamp worms (Lair:2)
  10 water moccasins
  7 porcupines
  A black bear (D:8)
  2 orc warriors
  2 sky beasts
  4 phantoms
  32 wolves
  5 centaurs
  3 ogres
  14 crocodiles
  2 big kobolds
  16 bullfrogs
  A wyvern skeleton (D:8)
  4 scorpions
  17 wights
  6 howler monkeys
  14 crimson imps
  A centaur zombie (D:6)
  2 quasits
  3 orc priests
  4 jellies
  A bullfrog skeleton (D:7)
  4 hounds
  8 orc wizards
  3 centaur skeletons
  3 iguanas
  Terence (D:3)
  8 worker ants
  A killer bee zombie (D:8)
  2 hound skeletons
  A hound zombie (D:6)
  A howler monkey zombie (D:7)
  A worker ant zombie (D:6)
  9 gnolls
  14 adders
  3 shadow imps
  An adder zombie (D:6)
  2 worms (D:3)
  A dart slug (D:3)
  5 leopard geckos
  21 orcs
  6 bats
  A giant cockroach (D:6)
  5 goblins
  4 hobgoblins
  5 jackals
  28 kobolds
  4 quokkas
  A ball python (D:6)
  2 frilled lizards
  A leopard gecko zombie (D:4)
  A quokka skeleton (D:6)
  3 rats
  A fungus (Lair:6)
  4 plants
440 creatures vanquished.

Vanquished Creatures (others)
  9 fungi
  5 plants
14 creatures vanquished.

Grand Total: 454 creatures vanquished

Notes
Turn   | Place    | Note
-------+----------+-------------------------------------------
     0 | D:1      | Borgoz the Ghoul Enchanter began the quest for the Orb.
     0 | D:1      | Reached XP level 1. HP: 14/14 MP: 2/2
   171 | D:1      | Reached skill level 1 in Short Blades
   325 | D:1      | Reached XP level 2. HP: 20/20 MP: 3/3
   827 | D:2      | Reached skill level 1 in Armour
   861 | D:2      | Reached XP level 3. HP: 19/27 MP: 2/4
   891 | D:2      | Reached skill level 1 in Fighting
  1090 | D:2      | Found a faded altar of an unknown god.
  1619 | D:3      | Reached XP level 4. HP: 35/35 MP: 6/6
  1692 | D:3      | Learned a level 2 spell: Ensorcelled Hibernation
  1696 | D:3      | Learned a level 3 spell: Confuse
  1894 | D:3      | Noticed Terence
  1933 | D:3      | Killed Terence
  1933 | D:3      | Reached XP level 5. HP: 38/40 MP: 1/7
  2623 | D:4      | Reached skill level 4 in Stealth
  3072 | D:4      | Reached XP level 6. HP: 48/48 MP: 8/8
  3241 | D:4      | Found a bloodstained altar of Trog.
  3264 | D:5      | Entered Level 5 of the Dungeon
  3676 | D:5      | Noticed a phantom
  3753 | D:5      | Killed a phantom
  3753 | D:5      | Reached XP level 7. HP: 33/56 MP: 3/9
  4804 | D:5      | Reached XP level 8. HP: 53/63 MP: 10/10
  4871 | D:5      | Reached skill level 1 in Ice Magic
  4947 | D:6      | Reached skill level 5 in Stealth
  5379 | D:6      | Found a staircase to the Ecumenical Temple.
  5408 | Temple   | Entered the Ecumenical Temple
  5490 | Temple   | Became a worshipper of Ashenzari the Shackled
  5793 | D:7      | Reached XP level 9. HP: 68/71 MP: 11/11
  5826 | D:7      | Reached skill level 5 in Short Blades
  5901 | D:7      | Reached skill level 5 in Armour
  6181 | D:7      | Reached skill level 6 in Stealth
  6990 | D:8      | Reached * piety under Ashenzari
  7168 | D:8      | Found a staircase to the Lair.
  7674 | D:8      | Reached XP level 10. HP: 77/79 MP: 13/13
  7703 | D:8      | Reached skill level 5 in Fighting
  7764 | D:8      | Noticed a two-headed ogre
  7770 | D:8      | Killed a two-headed ogre
  8020 | D:9      | Reached skill level 7 in Stealth
  8187 | D:9      | Noticed a two-headed ogre
  8200 | D:9      | Killed a two-headed ogre
  8200 | D:9      | Reached skill level 5 in Dodging
  8200 | D:9      | Reached skill level 1 in Evocations
  8353 | D:9      | Noticed a two-headed ogre
  8362 | D:9      | Killed a two-headed ogre
  8362 | D:9      | Reached skill level 5 in Hexes
  8397 | D:9      | Noticed an eight-headed hydra
  8397 | D:9      | Reached XP level 11. HP: 78/89 MP: 15/15
  9004 | Lair:1   | Entered Level 1 of the Lair of Beasts
  9778 | Lair:1   | Reached skill level 8 in Stealth
 10572 | Lair:2   | Found a staircase to the Snake Pit.
 10693 | Lair:2   | Noticed a six-headed hydra
 10973 | Lair:2   | Killed a six-headed hydra
 11020 | Lair:2   | Noticed a seven-headed hydra
 11256 | Lair:2   | Killed a seven-headed hydra
 11263 | Lair:2   | Reached XP level 12. HP: 78/97 MP: 13/18
 11272 | Lair:2   | Found a staircase to the Swamp.
 11422 | Lair:2   | Reached skill level 9 in Stealth
 11645 | Lair:2   | Noticed Urug
 11674 | Lair:2   | Killed Urug
 11674 | Lair:2   | Reached skill level 5 in Spellcasting
 12238 | Lair:2   | Reached ** piety under Ashenzari
 14384 | Lair:4   | Noticed a catoblepas
 14391 | Lair:4   | Killed a catoblepas
 14391 | Lair:4   | Reached skill level 10 in Stealth
 15250 | Lair:5   | Reached XP level 13. HP: 49/104 MP: 19/19
 16044 | Lair:5   | Reached *** piety under Ashenzari
 16257 | Lair:6   | Entered Level 6 of the Lair of Beasts
 16632 | Lair:6   | Reached skill level 11 in Stealth
 16737 | Lair:6   | Found a staircase to the Slime Pits.
 16739 | Lair:6   | Found a viscous altar of Jiyva.
 17843 | Lair:6   | Noticed a dire elephant
 17843 | Lair:6   | Noticed a dire elephant
 17862 | Lair:6   | Noticed a dire elephant
 17888 | Lair:6   | Noticed a dire elephant
 17888 | Lair:6   | Noticed a dire elephant
 18020 | Lair:6   | Killed a dire elephant
 18330 | D:9      | Identified the ring of Asoweada {Wiz rF++ MR++ Dex+2}
 18648 | D:10     | Entered Level 10 of the Dungeon
 18703 | D:11     | Reached XP level 14. HP: 55/108 MP: 13/20
 19479 | D:10     | Reached **** piety under Ashenzari
 19823 | D:11     | Found Juollevu's Assorted Antiques.
 19993 | D:11     | Reached skill level 10 in Short Blades
 20104 | D:11     | Noticed Erolcha
 20124 | D:11     | Killed Erolcha
 20124 | D:11     | Reached skill level 10 in Armour
 20886 | D:11     | Reached skill level 12 in Stealth
 20976 | D:11     | Mangled by a phantasmal warrior

Skill      XL: |  1  2  3  4  5  6  7  8  9 10 11 12 13 14 |
---------------+-------------------------------------------+-----
Short Blades   | 1 2 3 4 6 7 8 9 10 | 10.1
Armour         | 1 2 3 4 5 6 7 8 9 10 | 10.1
Dodging        | 2 3 4 5 6 7 8 9 |  9.2
Fighting       | 1 2 3 4 5 6 |  6.9
Spellcasting   | 2 3 4 5 |  5.1
Stealth        | 4 5 6 7 8 10 11 12 | 12.0
Hexes          | 3 4 5 6 7 8 |  8.6
Ice Magic      | 2 |  2.8
Evocations     | 2 |  2.3

Action                   |  1- 3 |  4- 6 |  7- 9 | 10-12 | 13-15 || total
-------------------------+-------+-------+-------+-------+-------++-------
Melee: Dagger            |   140 |   327 |   502 |   468 |   613 ||  2050
 Cast: Corona            |     3 |       |       |       |       ||     3
       Ensorcelled Hiber |       |    15 |    11 |   160 |    33 ||   219
       Confuse           |       |     2 |     1 |     6 |     3 ||    12
Invok: Curse Item        |       |       |       |       |     2 ||     2
Evoke: Wand              |       |       |       |     8 |    21 ||    29
  Use: Potion            |     1 |     5 |     3 |     2 |     5 ||    16
       Scroll            |       |     8 |     5 |    11 |     6 ||    30
 Stab: Sleeping          |     2 |     7 |    15 |    77 |    32 ||   133
       Confused          |       |       |       |     1 |     3 ||     4
       Distracted        |       |       |       |     3 |       ||     3
       Invisible         |       |       |       |     1 |    10 ||    11
       Paralysed         |       |       |       |       |     1 ||     1
  Eat: Chunk             |    10 |    13 |    14 |    64 |    46 ||   147
Armor: Ring mail         |    36 |    88 |   234 |   212 |    88 ||   658
       Robe              |     4 |       |       |       |       ||     4
       Leather armour    |       |       |       |       |    31 ||    31
Dodge: Dodged            |    75 |    98 |   262 |   423 |   412 ||  1270
